Map: Nightshade LE

Players

Zest - Winner!

  • Race: Protoss Protoss
  • Spawn Location: 11:00

Liquidthermy (uThermal)

  • Race: Terran Terran
  • Spawn Location: 5:00

Event: Shopify TSL 5

VOD

Have the link to the VOD?

Description

Time

  • Played on: June 6, 2020, 9:55 a.m.
  • Length: 11:59

All games in this series

Show
View Real Time Build Order
Export as new Build Order

Zest Protoss - Winner!

Build Orders: 1 Gate Expand 

Get SALT Encoding   

  12  0:00  Probe  
  13  0:13  Probe  
  14  0:17  Pylon  
  14  0:25  Probe (Chrono Boost)  
  15  0:36  Gateway  
  15  0:37  Probe (Chrono Boost)  
  16  0:45  Probe (Chrono Boost)  
  16  0:46  Assimilator  
  17  0:51  Probe  
  18  1:03  Probe  
  19  1:15  Probe  
  20  1:23  Cybernetics Core  
  20  1:32  Nexus  
  20  1:35  Probe  
  21  1:41  Pylon  
  21  1:47  Probe  
  21  1:49  Assimilator  
  22  1:57  Adept (Chrono Boost)  
  22  1:59  Probe  
  25  2:02  Warp Gate  
  25  2:11  Probe  
  26  2:17  Stalker (Chrono Boost)  
  28  2:24  Probe  
  29  2:31  Robotics Facility  
  29  2:36  Probe  
  30  2:43  Stalker  
  30  2:44  Probe  
  33  2:48  Probe  
  34  2:56  Probe  
  35  3:02  Gateway  
  35  3:04  Probe  
  36  3:08  Probe  
  36  3:09  Shield Battery  
  36  3:11  Stalker (Chrono Boost)  
  39  3:20  Warp Prism (Chrono Boost)  
  41  3:32  Gateway  
  41  3:35  Probe x2  
  43  3:49  Observer  
  43  3:54  Stalker  
  43  3:55  Pylon  
  46  4:02  Probe x2  
  44  4:20  Stalker x2  
  44  4:21  Probe x2  
  44  4:24  Pylon  
  49  4:30  Pylon  
  49  4:33  Shield Battery  
  49  4:41  Observer (Chrono Boost)  
  49  4:42  Stalker  
  49  4:43  Stalker x2  
  56  4:48  Shield Battery  
  54  5:00  Probe x2  
  56  5:12  Probe  
  56  5:13  Stalker x2  
  58  5:18  Zealot  
  58  5:21  Observer (Chrono Boost)  
  58  5:23  Zealot  
  58  5:27  Probe x2  
  62  5:30  Twilight Council  
  61  5:39  Probe x2 (Chrono Boost)  
  63  5:42  Zealot  
  63  5:43  Zealot x2  
  68  5:51  Probe (Chrono Boost)  
  68  5:52  Probe (Chrono Boost)  
  57  6:02  Probe x2  
  59  6:08  Dark Shrine  
  59  6:14  Probe x2  
  61  6:26  Pylon  
  61  6:27  Probe x2  
  61  6:28  Assimilator  
  61  6:30  Pylon, Adept, Assimilator, Observer  
  61  6:31  Adept x2  
  69  6:39  Probe  
  70  6:44  Probe  
  71  6:51  Probe  
  72  6:54  Charge (Chrono Boost)  
  72  6:56  Probe  
  72  7:01  Nexus  
  73  7:03  Probe  
  73  7:08  Probe  
  75  7:15  Probe  
  76  7:17  Pylon  
  76  7:19  Robotics Bay  
  76  7:20  Probe  
  77  7:26  Zealot, Dark Templar x2  
  77  7:27  Probe  
  84  7:32  Probe  
  85  7:41  Probe, Shield Battery  
  85  7:42  Gateway  
  85  7:43  Gateway  
  86  7:44  Probe  
  86  7:47  Gateway  
  87  7:53  Probe  
  87  7:56  Probe, Dark Templar  
  91  7:59  Dark Templar  
  91  8:03  Pylon  
  93  8:05  Probe, Pylon  
  93  8:07  Extended Thermal Lance (Chrono Boost)  
  93  8:08  Probe  
  93  8:11  Archon x2  
  93  8:15  Colossus (Chrono Boost)  
  101  8:25  Observer  
  99  8:37  Sentry  
  99  8:38  Sentry, Zealot x2  
  107  8:59  Gateway  
  107  9:00  Zealot x4  
  107  9:01  Zealot x2, Gateway  
  107  9:02  Colossus (Chrono Boost)  
  124  9:31  Pylon, Observer  
  124  9:32  Pylon x2  
  124  9:33  Observer  
  124  9:34  Pylon  
  124  9:36  Pylon  
  124  9:46  Blink (Chrono Boost)  
  124  9:47  Colossus  
  130  9:58  Forge  
  130  10:00  Probe x3  
  130  10:01  Assimilator  
  130  10:02  Pylon  
  130  10:03  Assimilator  
  130  10:05  Gateway  
  130  10:06  Gateway  
  132  10:09  Pylon, Observer  
  132  10:10  Nexus  
  132  10:11  Pylon  
  132  10:12  Pylon  
  132  10:25  Stalker x5  
  118  11:10  Dark Templar x5  
  126  11:27  Stalker  
Show
View Real Time Build Order
Export as new Build Order

Liquidthermy Terran 

Build Orders: Banshee Rush 

Get SALT Encoding   

  12  0:01  SCV  
  13  0:13  SCV  
  14  0:17  Supply Depot  
  14  0:25  SCV  
  15  0:38  SCV  
  15  0:40  Barracks  
  16  0:43  Refinery  
  16  0:50  SCV  
  17  1:02  SCV  
  18  1:15  SCV  
  19  1:26  Barracks Reactor  
  19  1:27  Orbital Command  
  19  1:40  Command Center  
  19  1:49  Supply Depot  
  19  1:53  SCV  
  20  2:03  Marine x2  
  20  2:05  SCV  
  23  2:09  Factory  
  23  2:17  SCV  
  23  2:20  Marine  
  23  2:21  Marine  
  26  2:29  SCV  
  27  2:30  Refinery  
  27  2:38  Marine x2  
  27  2:41  SCV  
  30  2:52  Orbital Command  
  30  2:53  SCV  
  30  2:54  Starport  
  31  3:00  Hellion  
  31  3:01  Hellion  
  31  3:05  Barracks Tech Lab  
  35  3:08  SCV  
  36  3:18  SCV  
  37  3:22  Hellion  
  37  3:23  Hellion  
  41  3:28  SCV, Supply Depot  
  42  3:35  SCV  
  42  3:40  Cloaking Field, Banshee  
  46  3:43  SCV  
  45  3:50  SCV  
  45  3:53  Marine  
  45  3:54  Marine  
  47  3:58  SCV, Factory Tech Lab  
  47  4:00  Bunker  
  47  4:02  SCV  
  49  4:10  SCV  
  49  4:11  Marine  
  47  4:17  Supply Depot, Siege Tank  
  47  4:21  SCV  
  47  4:22  Banshee  
  51  4:26  Marine  
  51  4:27  SCV  
  51  4:29  Marine  
  49  4:33  SCV  
  50  4:39  SCV  
  50  4:44  Marine  
  51  4:47  Marine  
  51  4:49  Siege Tank  
  51  4:58  SCV  
  49  5:02  Marine  
  49  5:05  Marine  
  49  5:20  Marine  
  50  5:22  Marine  
  50  5:24  Siege Tank  
  54  5:29  SCV  
  53  5:38  SCV, Marine  
  53  5:40  Marine  
  53  5:41  SCV  
  57  5:51  SCV  
  57  5:53  SCV  
  57  5:55  Marine  
  52  5:57  Siege Tank  
  52  5:58  Marine  
  52  6:01  Barracks  
  52  6:03  SCV  
  57  6:10  SCV  
  58  6:13  Marine  
  58  6:17  SCV  
  60  6:19  Refinery  
  60  6:20  Supply Depot  
  60  6:21  Engineering Bay, Marine  
  60  6:22  SCV  
  60  6:28  Barracks  
  60  6:30  SCV  
  61  6:32  Starport Reactor  
  61  6:33  Marine  
  61  6:39  SCV  
  62  6:42  SCV, Refinery, Marine  
  61  6:49  Missile Turret x2  
  61  6:51  SCV, Marine  
  61  6:52  Marine  
  64  6:54  SCV  
  64  6:59  Refinery, Marine  
  64  7:00  Supply Depot  
  66  7:03  SCV  
  66  7:06  SCV, Supply Depot  
  66  7:08  Stimpack, Marine  
  68  7:10  Marine  
  70  7:17  Starport Reactor  
  70  7:21  Supply Depot, Marine  
  70  7:22  SCV x2  
  73  7:26  Marine  
  73  7:29  Supply Depot  
  74  7:30  Marine  
  74  7:31  Marine  
  74  7:32  Siege Tank  
  74  7:33  Marine  
  74  7:34  SCV x2  
  74  7:35  Supply Depot  
  82  7:39  Marine  
  80  7:46  SCV x2, Marine  
  80  7:48  Marine  
  80  7:50  Marine x2  
  86  7:53  Medivac  
  86  7:54  Medivac  
  86  7:57  Marine  
  86  7:58  SCV x2, Supply Depot  
  93  8:04  Marine, Siege Tank  
  97  8:08  Marine  
  97  8:11  Marine  
  99  8:13  Marine  
  99  8:15  Marine  
  99  8:16  Command Center  
  101  8:23  Medivac  
  101  8:24  Medivac, Marine  
  101  8:26  Marine  
  107  8:29  Marine  
  107  8:31  Marine  
  107  8:33  Marine  
  108  8:42  Marine  
  108  8:43  Marine  
  108  8:47  Combat Shield, Marine  
  108  8:48  Siege Tank  
  113  8:49  Marine  
  113  8:51  Marine  
  113  8:52  Barracks  
  113  8:54  Barracks  
  115  8:59  SCV  
  115  9:00  Marine  
  115  9:01  Supply Depot  
  117  9:08  Marine  
  118  9:12  Supply Depot x2  
  118  9:15  Marine  
  117  9:17  Marine  
  117  9:23  Medivac  
  122  9:25  SCV  
  122  9:27  Supply Depot  
  122  9:28  Supply Depot  
  122  9:30  Marine  
  122  9:31  SCV  
  123  9:33  Marine  
  123  9:35  Marine, Siege Tank  
  123  9:36  Marine  
  123  9:37  SCV  
  127  9:48  Liberator  
  127  9:50  Marine  
  127  9:52  Barracks Reactor, Liberator  
  128  9:53  Barracks Reactor  
  128  9:54  SCV  
  128  9:59  Marine x2  
  133  10:05  Orbital Command  
  133  10:06  Marine  
  134  10:07  Marine  
  134  10:11  Marine  
  136  10:17  Marine x2  
  136  10:18  SCV  
  139  10:23  Marine  
  139  10:25  Marine  
  139  10:26  Siege Tank  
  144  10:29  Marine  
  144  10:31  Marine  
  144  10:34  Medivac  
  148  10:35  Marine  
  148  10:36  Supply Depot  
  148  10:38  Supply Depot  
  148  10:40  Marine  
  148  10:41  SCV  
  149  10:45  Marine  
  140  10:51  Marine x2  
  140  10:52  Marine  
  135  10:58  Marine  
  135  11:00  Marine  
  135  11:02  Marine x2  
  129  11:06  Marine  
  129  11:09  Marine  
Tags
 
Add a new tag
Caveats
  • Supply blocks, unpowered buildings, or Contaminate may cause inaccurate times.
  • Supply counts are checked every 10 seconds.